 Dungeon Crawl Stone Soup version 0.28-b1-1-g3c77fb2ed1 (webtiles) character file.

Game seed: 8579596929688481231

1313 cbfl8 the Sneak (level 8, -1/77 HPs)
             Began as a Minotaur Delver on Jan 30, 2022.
             Splashed by a jelly's acid (11 damage)
             ... on level 6 of the Dungeon.
             The game lasted 00:11:25 (6245 turns).

cbfl8 the Sneak (Minotaur Delver)                   Turns: 6245, Time: 00:11:26

Health: -1/77      AC: -6    Str: 18    XL:     8   Next: 32%
Magic:  7/7        EV: 12    Int:  7    God:
Gold:   240        SH:  0    Dex: 11    Spells: 5/7 levels left

rFire   + . .      SeeInvis .   o - +2 dagger (speed)
rCold   . . .      Faith    .   (no shield)
rNeg    . . .      Spirit   .   t - +2 ring mail {rF+}
rPois   .          Reflect  .   (helmet restricted)
rElec   .          Harm     .   (no cloak)
rCorr   .          Rampage  .   l - +0 pair of gloves
Will    .....      Clarity  +   (no boots)
Stlth   ++........              (no amulet)
HPRegen 0.22/turn               (no ring)
MPRegen 0.10/turn               (no ring)

@: corroded
A: horns 2, retaliatory headbutt, hooves 1, clarity, clumsy 1, robust 1
a: no special abilities


You were on level 6 of the Dungeon.
You visited 1 branch of the dungeon, and saw 6 of its levels.

You collected 240 gold pieces.

Inventory:

Hand Weapons
 a - a +0 hand axe
 o - a +2 dagger of speed (weapon)
Missiles
 m - 15 poisoned darts (quivered)
 B - a throwing net
Armour
 b - a +0 leather armour
 l - a +0 pair of gloves (worn)
 n - a +0 ring mail
 t - a +2 ring mail of fire resistance (worn)
Magical Staves
 r - a staff of earth
Wands
 g - a wand of digging (3)
 w - a wand of flame (22)
Scrolls
 c - 2 scrolls of fog
 e - 6 scrolls of fear
 j - 2 scrolls of immolation {unknown}
 p - 4 scrolls of identify {unknown}
 q - 2 scrolls of vulnerability {unknown}
 u - a scroll of enchant weapon {unknown}
 x - a scroll of teleportation {unknown}
 z - a scroll of amnesia {unknown}
Potions
 d - 2 potions of lignification {unknown}
 f - a potion of haste
 i - a potion of curing {unknown}
 k - a potion of might {unknown}
 s - a potion of mutation
 v - a potion of invisibility {unknown}
 A - a potion of attraction {unknown}


   Skills:
 + Level 5.7 Fighting
 + Level 5.6 Short Blades
 + Level 3.8 Axes
 + Level 5.2 Armour
 + Level 4.0 Dodging
 + Level 5.9 Stealth
 + Level 0.3 Spellcasting
 + Level 0.2 Necromancy


You had 5 spell levels left.
You knew the following spells:

 Your Spells              Type           Power      Damage    Failure   Level
a - Animate Skeleton      Necr           0%         N/A       56%         1
b - Pain                  Necr           0%         1d4       56%         1

Your spell library contained the following spells:

 Spells                   Type           Power      Damage    Failure   Level
 Shock                    Conj/Air       0%         1d3       58%         1
 Summon Small Mammal      Summ           0%         N/A       58%         1
 Vampiric Draining        Necr           0%         2d6       91%         3
 Call Canine Familiar     Summ           0%         N/A       92%         3
 Summon Guardian Golem    Hex/Summ       0%         N/A       92%         3
 Swiftness                Air            0%         N/A       92%         3
 Airstrike                Air            0%         N/A       100%        4


Dungeon Overview and Level Annotations

Branches:
Dungeon (6/15)
 Temple: D:4-7

Altars:
Dithmenos
Fedhas
Hepliaklqana
Nemelex Xobeh
Xom
The Shining One


Innate Abilities, Weirdness & Mutations

You have a pair of horns on your head.
You reflexively headbutt those who attack you in melee.
You have large cloven feet.
You possess an exceptional clarity of mind.
You are clumsy. (Dex -2)
You are robust. (+10% HP)


Message History

The jelly hits you but does no damage.
You hit the jelly.
Your hands burn!
The jelly is heavily wounded.
You hit the jelly.
Your hands burn!
The jelly is severely wounded.
The jelly hits you but does no damage.
You hit the jelly but do no damage. The acid corrodes you!
Your hands burn!
The jelly is severely wounded.
You hit the jelly but do no damage.
Your hands burn!
You headbutt the jelly, but do no damage.
You punch the jelly, but do no damage.
The jelly is severely wounded.
The jelly hits you.
You are splashed with acid!
You hit the jelly but do no damage.
Your hands burn!
You headbutt the jelly, but do no damage.
You punch the jelly, but do no damage.
The jelly is severely wounded.
You hit the jelly but do no damage.
Your hands burn!
The jelly is severely wounded.
The jelly closely misses you.
You hit the jelly. The acid corrodes you!
Your hands burn!
The jelly is severely wounded.
The black bear bites you. The black bear barely misses you. x2
You hit the jelly but do no damage.
Your hands burn!
* * * LOW HITPOINT WARNING * * *
The jelly is severely wounded.
The jelly hits you.
* * * LOW HITPOINT WARNING * * *
You are splashed with acid!
* * * LOW HITPOINT WARNING * * *
The black bear closely misses you. The black bear claws you.
* * * LOW HITPOINT WARNING * * *
The black bear barely misses you.
It was a potion of mutation.
You feel extremely strange.
You feel clumsy.
Your thoughts seem clearer.
Your feet thicken and deform.
You feel robust. The jelly hits you.
* * * LOW HITPOINT WARNING * * *
The acid corrodes you!
You are splashed with acid!
You die...

**,*,+****+,*,,*
*,*,*,,,,*,*,,*
*,*,*,**,*,*,,*
*,*,*,**,*,*,,*
**,*,*,,,,*,*,,*
*,,*,+****+,*,,*
*.,*,,,,,,,,*,,#
*..+########+..###*********
*.........@...>...,,,,,,,,,
*.##.###.#Jh......,,,,,,,,,
*..$.....#.###.###*,,,,,,,,
*###.##..#.#,..# *,,,,,,,,
#.###'#.#.#.# *,,,,****
#..........#* ******
#..#...##..# #..'...'...#
#.##...##.## **********


You could see a black bear and a jelly.

Vanquished Creatures
  Prince Ribbit (D:5)
  Sigmund (D:2)
  2 black bears
  A necrophage (D:5)
  3 ogres
  2 hounds
  A centaur skeleton (D:6)
  A jelly (D:5)
  A bullfrog skeleton (D:4)
  A gnoll shaman (D:5)
  An iguana (D:5)
  Terence (D:3)
  A scorpion zombie (D:5)
  A howler monkey zombie (D:5)
  4 gnolls (D:4)
  5 adders
  An adder skeleton (D:4)
  An adder zombie (D:5)
  4 worms
  5 dart slugs
  3 orcs
  6 ball pythons
  5 endoplasms
  A giant cockroach (D:4)
  6 goblins
  4 hobgoblins
  6 jackals (D:1)
  7 kobolds
  2 quokkas
  7 bats
  2 frilled lizards
  6 rats
93 creatures vanquished.

Notes
Turn   | Place    | Note
-------+----------+-------------------------------------------
     0 | D:5      | cbfl8 the Minotaur Delver began the quest for the Orb.
     0 | D:5      | Reached XP level 1. HP: 19/19 MP: 0/0
    27 | D:5      | Noticed a necrophage
    35 | D:5      | Killed a necrophage
    36 | D:5      | Reached skill level 5 in Stealth
    36 | D:5      | Reached XP level 2. HP: 27/27 MP: 1/1
    36 | D:5      | Reached XP level 3. HP: 33/33 MP: 2/2
    36 | D:5      | Reached XP level 4. HP: 40/40 MP: 3/3
    79 | D:5      | Noticed Prince Ribbit
   352 | D:2      | Found a glowing golden altar of the Shining One.
  1750 | D:2      | Noticed an ogre
  1766 | D:2      | Killed an ogre
  1767 | D:2      | Reached skill level 1 in Short Blades
  1767 | D:2      | Reached skill level 1 in Armour
  1767 | D:2      | Reached XP level 5. HP: 35/47 MP: 4/4
  1938 | D:2      | Noticed Sigmund
  1947 | D:2      | Killed Sigmund
  1948 | D:2      | Reached XP level 6. HP: 46/53 MP: 5/5
  2378 | D:3      | Noticed Terence
  2412 | D:3      | Killed Terence
  2875 | D:3      | Found a sparkling altar of Nemelex Xobeh.
  2878 | D:3      | Found a shadowy altar of Dithmenos.
  2881 | D:3      | Found a hazy altar of Hepliaklqana.
  2895 | D:3      | Found a blossoming altar of Fedhas.
  3540 | D:4      | Found a shimmering altar of Xom.
  3977 | D:4      | Reached XP level 7. HP: 52/60 MP: 6/6
  4315 | D:4      | Reached skill level 5 in Fighting
  4631 | D:5      | Learned a level 1 spell: Animate Skeleton
  4633 | D:5      | Learned a level 1 spell: Pain
  4991 | D:5      | Killed Prince Ribbit
  4992 | D:5      | Reached skill level 5 in Short Blades
  4992 | D:5      | Reached skill level 5 in Armour
  4992 | D:5      | Reached XP level 8. HP: 21/68 MP: 7/7
  6245 | D:6      | Gained mutation: You are clumsy. (Dex -2) [potion of
                  | mutation]
  6245 | D:6      | Gained mutation: You possess an exceptional clarity of
                  | mind. [potion of mutation]
  6245 | D:6      | Gained mutation: You have large cloven feet. [potion of
                  | mutation]
  6245 | D:6      | Gained mutation: You are robust. (+10% HP) [potion of
                  | mutation]
  6245 | D:6      | Splashed by a jelly's acid

Illustrated notes

Levels and vault maps discovered:
D:1:      dpeg_arrival_rooms_with_view, layout_loops_corners,
          serial_bayou_lagoon_a, minmay_door_square, hex_tiny
D:2:      layout_loops_ring, basic_altar, uniq_sigmund
D:3:      layout_basic, grunt_temple_overflow_cloverleaf, uniq_terence
D:4:      layout_loops_cross, xom_teletrap_fun
D:5:      black_bear_nest_2, layout_layer_cave, kennysheep_small_square,
          uniq_prince_ribbit1
D:6:      layout_basic, minivault_11

Skill      XL: |  1  2  3  4  5  6  7  8 |
---------------+-------------------------+-----
Fighting       | 4 5 |  5.7
Axes           | 3 |  3.8
Stealth        | 5 |  5.9
Short Blades   | 1 2 3 5 |  5.6
Armour         | 1 2 3 5 |  5.2
Dodging        | 3 4 |  4.0
Spellcasting   | |  0.3
Necromancy     | |  0.2

Action                   |  1- 3 |  4- 6 |  7- 9 || total
-------------------------+-------+-------+-------++-------
Melee: Hand axe          |     5 |    32 |       ||    37
       Headbutt          |     1 |    36 |    42 ||    79
       Dagger            |       |   179 |   142 ||   321
       Punch             |       |     5 |     5 ||    10
 Cast: Animate Skeleton  |       |       |     2 ||     2
  Use: Scroll            |     1 |       |     1 ||     2
       Potion            |       |       |     3 ||     3
 Stab: Sleeping          |       |     5 |     1 ||     6
Armor: Leather armour    |     1 |     7 |       ||     8
       Ring mail         |       |    47 |    37 ||    84
Dodge: Dodged            |     3 |    89 |    60 ||   152
